3039 views
Uploaded 2019-12-01 20:41:21
Game version 1.32.0.3 / 1.32.0.3.1
44:59 long 4on4 ladder game on (8)Feralas_LV
Saved by iggythefisk
3039 views
Uploaded 2019-12-01 20:41:21
Game version 1.32.0.3 / 1.32.0.3.1
44:59 long 4on4 ladder game on (8)Feralas_LV


229 units @ 31.5k
/ 4.8k
98 buildings @ 15.3k
/ 7k


| Scroll of Healing | 1 | 250 |
| total: | 1 | 250g |
| Acolyte | 6 | 450 | / | 0 |
| Ghoul | 6 | 720 | / | 0 |
| Crypt Fiend | 16 | 3440 | / | 640 |
| Obsidian Statue | 9 | 1800 | / | 315 |
| Abomination | 10 | 2400 | / | 700 |
| Meat Wagon | 4 | 920 | / | 200 |
| total: | 51 | 9730g | / | 1855w |
| Nerubian Tower | 2 | 200 | / | 40 |
| Spirit Tower | 7 | 1015 | / | 280 |
| Crypt | 1 | 200 | / | 50 |
| Ziggurat | 10 | 1500 | / | 500 |
| Altar of Darkness | 1 | 180 | / | 50 |
| Graveyard | 1 | 215 | / | 0 |
| Tomb of Relics | 1 | 130 | / | 30 |
| Necropolis | 1 | 225 | / | 0 |
| Slaughterhouse | 1 | 140 | / | 135 |
| Sacrificial Pit | 1 | 75 | / | 150 |
| Halls of the Dead | 1 | 320 | / | 210 |
| Black Citadel | 1 | 325 | / | 230 |
| total: | 17 | 2665g | / | 915w |
| 0:06 | Acolyte |
| 0:06 | Acolyte |
| 0:33 | Acolyte |
| 0:42 | Crypt |
| 0:48 | Ziggurat |
| 0:59 | Altar of Darkness |
| 1:11 | Ziggurat |
| 1:43 | Ghoul |
| 1:43 | Ghoul |
| 1:51 | Graveyard |
| 1:55 | Ghoul |
| 2:18 | Ghoul |
| 2:20 | Cannibalize |
| 2:28 | Nerubian Tower |
| 2:34 | Ziggurat |
| 2:41 | Ghoul |
| 3:05 | Death Coil |
| 3:21 | Crypt Fiend |
| 3:41 | Halls of the Dead |
| 3:54 | Crypt Fiend |
| 4:21 | Crypt Fiend |
| 4:40 | Unholy Aura |
| 4:48 | Spirit Tower |
| 4:58 | Ziggurat |
| 5:06 | Crypt Fiend |
| 6:11 | Slaughterhouse |
| 6:16 | Crypt Fiend |
| 6:46 | Death Coil |
| 6:54 | Crypt Fiend |
| 7:17 | Frost Nova |
| 8:09 | Tomb of Relics |
| 8:53 | Crypt Fiend |
| 8:54 | Black Citadel |
| 8:56 | Unholy Armor |
| 8:56 | Creature Attack |
| 9:06 | Necropolis |
| 9:15 | Obsidian Statue |
| 9:30 | Obsidian Statue |
| 10:12 | Ziggurat |
| 10:17 | Web |
| 10:38 | Ghoul |
| 11:10 | Ziggurat |
| 11:12 | Ziggurat |
| 11:14 | Ziggurat |
| 11:15 | Ziggurat |
| 11:17 | Acolyte |
| 11:40 | Destroyer Form |
| 11:59 | Creature Carapace |
| 12:11 | Abomination |
| 12:22 | Acolyte |
| 12:22 | Acolyte |
| 12:23 | Nerubian Tower |
| 12:24 | Spirit Tower |
| 12:52 | Frost Armor |
| 13:01 | Abomination |
| 13:04 | Spirit Tower |
| 13:19 | Ziggurat |
| 13:41 | Unholy Strength |
| 13:48 | Abomination |
| 14:03 | Spirit Tower |
| 14:19 | Spirit Tower |
| 14:25 | Disease Cloud |
| 14:48 | Scroll of Healing |
| 14:58 | Sacrificial Pit |
| 15:29 | Obsidian Statue |
| 15:29 | Obsidian Statue |
| 17:16 | Meat Wagon |
| 17:16 | Meat Wagon |
| 17:16 | Meat Wagon |
| 17:17 | Meat Wagon |
| 20:05 | Obsidian Statue |
| 20:05 | Obsidian Statue |
| 20:07 | Abomination |
| 24:22 | Crypt Fiend |
| 24:22 | Crypt Fiend |
| 24:50 | Crypt Fiend |
| 24:50 | Crypt Fiend |
| 25:04 | Improved Unholy Armor |
| 25:04 | Improved Creature Attack |
| 25:05 | Improved Creature Carapace |
| 25:06 | Improved Unholy Strength |
| 25:07 | Crypt Fiend |
| 25:09 | Abomination |
| 25:12 | Obsidian Statue |
| 28:31 | Spirit Tower |
| 31:26 | Obsidian Statue |
| 31:26 | Obsidian Statue |
| 32:18 | Unholy Aura |
| 34:29 | Crypt Fiend |
| 34:30 | Crypt Fiend |
| 34:30 | Crypt Fiend |
| 34:30 | Crypt Fiend |
| 34:31 | Abomination |
| 34:31 | Abomination |
| 34:31 | Abomination |
| 34:32 | Abomination |
| 34:32 | Abomination |
| 38:17 | Spirit Tower |
| 38:20 | Advanced Creature Attack |
| 38:21 | Advanced Unholy Armor |
| 38:21 | Advanced Creature Carapace |
| 38:22 | Advanced Unholy Strength |
| Select group | 1003 |
| Right click | 654 |
| Select | 471 |
| Chat | 376 |
| Misc. action | 211 |
| Build/train/purchase | 143 |
| Use ability | 49 |
| Assign group | 29 |
| Resource trade | 26 |
| Minimap ping | 4 |
| Item give/drop | 2 |
| Remove unit | 2 |


| Wisp | 13 | 780 | / | 0 |
| Archer | 13 | 1690 | / | 130 |
| Huntress | 2 | 390 | / | 40 |
| Dryad | 2 | 290 | / | 120 |
| Hippogryph | 11 | 1760 | / | 220 |
| Glaive Thrower | 8 | 1680 | / | 520 |
| total: | 49 | 6590g | / | 1030w |
| Ancient Protector | 4 | 540 | / | 320 |
| Altar of Elders | 2 | 360 | / | 100 |
| Moon Well | 9 | 1620 | / | 360 |
| Ancient of War | 1 | 150 | / | 60 |
| Hunter's Hall | 1 | 210 | / | 100 |
| Tree of Life | 2 | 680 | / | 370 |
| Ancient of Wind | 1 | 150 | / | 140 |
| Ancient of Lore | 1 | 155 | / | 145 |
| Tree of Ages | 1 | 320 | / | 180 |
| Tree of Eternity | 1 | 330 | / | 200 |
| total: | 21 | 3865g | / | 1595w |
| 0:03 | Wisp |
| 0:03 | Wisp |
| 0:03 | Wisp |
| 0:09 | Altar of Elders |
| 0:21 | Moon Well |
| 0:36 | Ancient of War |
| 0:42 | Wisp |
| 0:42 | Wisp |
| 0:53 | Wisp |
| 1:26 | Moon Well |
| 1:39 | Archer |
| 1:46 | Archer |
| 2:00 | Archer |
| 2:14 | Wisp |
| 2:21 | Fan of Knives |
| 2:31 | Hunter's Hall |
| 2:56 | Archer |
| 2:57 | Archer |
| 3:31 | Moon Well |
| 3:35 | Strength of the Moon |
| 3:45 | Tree of Ages |
| 4:16 | Blink |
| 4:28 | Improved Strength of the Moon |
| 4:29 | Moon Armor |
| 4:32 | Huntress |
| 5:06 | Huntress |
| 5:07 | Archer |
| 6:13 | Ancient of Wind |
| 6:18 | Ancient of Lore |
| 6:20 | Moon Well |
| 7:04 | Wisp |
| 7:05 | Wisp |
| 7:05 | Wisp |
| 7:05 | Wisp |
| 7:05 | Wisp |
| 7:16 | Moon Well |
| 7:32 | Abolish Magic |
| 7:33 | Dryad |
| 7:37 | Dryad |
| 7:52 | Hippogryph |
| 8:01 | Hippogryph |
| 8:17 | Moon Well |
| 8:36 | Archer |
| 8:43 | Hippogryph |
| 8:43 | Hippogryph |
| 9:10 | Advanced Strength of the Moon |
| 9:39 | Improved Moon Armor |
| 10:11 | Hippogryph |
| 10:38 | Fan of Knives |
| 10:57 | Hippogryph |
| 10:57 | Hippogryph |
| 11:13 | Moon Well |
| 11:50 | Tree of Eternity |
| 12:20 | Ancient Protector |
| 12:59 | Tree of Life |
| 14:46 | Wisp |
| 14:56 | Advanced Moon Armor |
| 15:08 | Entangling Roots |
| 15:27 | Glaive Thrower |
| 16:09 | Ancient Protector |
| 16:24 | Improved Bows |
| 16:27 | Marksmanship |
| 17:01 | Tree of Life |
| 19:40 | Glaive Thrower |
| 19:40 | Glaive Thrower |
| 19:40 | Glaive Thrower |
| 19:43 | Glaive Thrower |
| 21:18 | Ancient Protector |
| 21:21 | Ancient Protector |
| 21:58 | Archer |
| 21:58 | Archer |
| 21:58 | Archer |
| 22:29 | Glaive Thrower |
| 22:30 | Glaive Thrower |
| 25:15 | Glaive Thrower |
| 27:56 | Hippogryph |
| 27:56 | Hippogryph |
| 27:57 | Hippogryph |
| 27:57 | Hippogryph |
| 27:59 | Archer |
| 27:59 | Archer |
| 27:59 | Archer |
| 36:55 | Altar of Elders |
| 36:58 | Moon Well |
| 38:09 | Moon Well |
| Right click | 520 |
| Select | 312 |
| Chat | 140 |
| Build/train/purchase | 87 |
| Select group | 17 |
| Use ability | 13 |
| Assign group | 8 |
| Remove unit | 5 |
| Minimap ping | 2 |
| Esc | 1 |

| Lesser Clarity Potion | 5 | 350 |
| Scroll of Regeneration | 4 | 400 |
| Ivory Tower | 2 | 80 |
| Scroll of Town Portal | 2 | 700 |
| total: | 13 | 1530g |
| Peasant | 20 | 1500 | / | 0 |
| Footman | 8 | 1080 | / | 0 |
| Priest | 6 | 810 | / | 60 |
| Spell Breaker | 4 | 860 | / | 120 |
| Sorceress | 3 | 465 | / | 60 |
| Dragonhawk Rider | 7 | 1400 | / | 210 |
| Mortar Team | 9 | 1620 | / | 630 |
| total: | 57 | 7735g | / | 1080w |
| Scout Tower | 1 | 30 | / | 20 |
| Arcane Tower | 2 | 140 | / | 100 |
| Guard Tower | 1 | 70 | / | 50 |
| Altar of Kings | 1 | 180 | / | 50 |
| Farm | 14 | 1120 | / | 280 |
| Barracks | 1 | 160 | / | 60 |
| Arcane Vault | 1 | 130 | / | 30 |
| Lumber Mill | 1 | 120 | / | 0 |
| Blacksmith | 1 | 140 | / | 60 |
| Town Hall | 1 | 385 | / | 205 |
| Arcane Sanctum | 3 | 450 | / | 420 |
| Gryphon Aviary | 4 | 560 | / | 600 |
| Workshop | 1 | 140 | / | 140 |
| Keep | 1 | 320 | / | 210 |
| Castle | 1 | 360 | / | 210 |
| total: | 29 | 3415g | / | 1865w |
| 0:02 | Peasant |
| 0:03 | Peasant |
| 0:11 | Altar of Kings |
| 0:13 | Peasant |
| 0:31 | Farm |
| 0:34 | Barracks |
| 1:20 | Farm |
| 1:30 | Peasant |
| 1:30 | Peasant |
| 1:39 | Footman |
| 1:39 | Footman |
| 1:49 | Peasant |
| 1:50 | Peasant |
| 1:57 | Scout Tower |
| 2:00 | Footman |
| 2:11 | Peasant |
| 2:14 | Flame Strike |
| 2:17 | Footman |
| 2:28 | Arcane Vault |
| 2:30 | Arcane Tower |
| 2:39 | Peasant |
| 2:47 | Farm |
| 3:31 | Lumber Mill |
| 3:32 | Keep |
| 4:06 | Farm |
| 4:13 | Banish |
| 4:22 | Lesser Clarity Potion |
| 4:22 | Scroll of Regeneration |
| 4:27 | Footman |
| 5:09 | Farm |
| 5:56 | Arcane Sanctum |
| 5:59 | Arcane Sanctum |
| 6:07 | Blacksmith |
| 6:09 | Improved Lumber Harvesting |
| 6:10 | Peasant |
| 6:10 | Peasant |
| 6:10 | Peasant |
| 6:16 | Footman |
| 6:16 | Footman |
| 6:29 | Town Hall |
| 6:34 | Footman |
| 6:47 | Ivory Tower |
| 6:48 | Ivory Tower |
| 7:13 | Guard Tower |
| 7:14 | Arcane Tower |
| 7:20 | Priest |
| 7:25 | Farm |
| 7:30 | Improved Masonry |
| 7:47 | Priest |
| 8:26 | Castle |
| 8:28 | Control Magic |
| 8:29 | Magic Sentry |
| 8:32 | Flame Strike |
| 8:47 | Advanced Masonry |
| 8:54 | Iron Plating |
| 9:25 | Priest |
| 9:45 | Peasant |
| 9:45 | Peasant |
| 9:46 | Peasant |
| 9:51 | Peasant |
| 10:14 | Steel Plating |
| 10:57 | Imbued Masonry |
| 10:58 | Advanced Lumber Harvesting |
| 11:01 | Priest Adept Training |
| 11:02 | Sorceress Adept Training |
| 11:06 | Arcane Sanctum |
| 12:01 | Spell Breaker |
| 12:01 | Spell Breaker |
| 12:01 | Spell Breaker |
| 12:33 | Siphon Mana |
| 13:11 | Lesser Clarity Potion |
| 13:12 | Scroll of Regeneration |
| 13:14 | Scroll of Town Portal |
| 13:43 | Priest |
| 13:43 | Sorceress |
| 13:44 | Priest |
| 13:44 | Sorceress |
| 13:47 | Sorceress Master Training |
| 13:47 | Priest Master Training |
| 13:56 | Farm |
| 13:59 | Farm |
| 14:02 | Mithril Plating |
| 14:03 | Iron Forged Swords |
| 14:06 | Farm |
| 14:34 | Farm |
| 14:37 | Farm |
| 15:14 | Farm |
| 15:17 | Farm |
| 15:19 | Farm |
| 16:07 | Priest |
| 16:08 | Sorceress |
| 16:08 | Spell Breaker |
| 16:54 | Steel Forged Swords |
| 17:56 | Lesser Clarity Potion |
| 18:17 | Mithril Forged Swords |
| 20:03 | Gryphon Aviary |
| 20:07 | Gryphon Aviary |
| 20:09 | Studded Leather Armor |
| 20:10 | Black Gunpowder |
| 20:18 | Workshop |
| 22:28 | Gryphon Aviary |
| 22:33 | Gryphon Aviary |
| 22:56 | Scroll of Regeneration |
| 22:57 | Lesser Clarity Potion |
| 23:00 | Scroll of Town Portal |
| 23:14 | Reinforced Leather Armor |
| 23:58 | Cloud |
| 23:59 | Dragonhawk Rider |
| 23:59 | Dragonhawk Rider |
| 23:59 | Dragonhawk Rider |
| 23:59 | Dragonhawk Rider |
| 23:59 | Dragonhawk Rider |
| 23:59 | Dragonhawk Rider |
| 24:00 | Dragonhawk Rider |
| 24:35 | Dragonhide Armor |
| 32:31 | Flame Strike |
| 32:55 | Storm Hammers |
| 32:57 | Refined Gunpowder |
| 33:27 | Peasant |
| 33:27 | Peasant |
| 33:27 | Peasant |
| 33:27 | Peasant |
| 33:45 | Lesser Clarity Potion |
| 33:45 | Scroll of Regeneration |
| 34:01 | Mortar Team |
| 34:01 | Mortar Team |
| 34:01 | Mortar Team |
| 34:03 | Fragmentation Shards |
| 34:03 | Flare |
| 34:05 | Mortar Team |
| 34:05 | Mortar Team |
| 34:05 | Mortar Team |
| 34:05 | Mortar Team |
| 34:06 | Mortar Team |
| 35:19 | Imbued Gunpowder |
| 36:49 | Mortar Team |
| Right click | 2004 |
| Select | 629 |
| Chat | 418 |
| Select group | 302 |
| Build/train/purchase | 123 |
| Misc. action | 62 |
| Use ability | 49 |
| Assign group | 18 |
| Remove unit | 5 |
| Minimap ping | 4 |
| Item give/drop | 1 |



| Potion of Healing | 3 | 450 |
| Staff of Preservation | 1 | 150 |
| Dust of Appearance | 2 | 150 |
| Potion of Lesser Invulnerability | 1 | 150 |
| Boots of Speed | 1 | 250 |
| total: | 8 | 1150g |
| Wisp | 32 | 1920 | / | 0 |
| Archer | 24 | 3120 | / | 240 |
| Dryad | 8 | 1160 | / | 480 |
| Hippogryph | 8 | 1280 | / | 160 |
| total: | 72 | 7480g | / | 880w |
| Ancient Protector | 10 | 1350 | / | 800 |
| Ancient of War | 3 | 450 | / | 180 |
| Moon Well | 8 | 1440 | / | 320 |
| Altar of Elders | 1 | 180 | / | 50 |
| Hunter's Hall | 1 | 210 | / | 100 |
| Tree of Life | 2 | 680 | / | 370 |
| Ancient of Wonders | 1 | 90 | / | 30 |
| Ancient of Wind | 2 | 300 | / | 280 |
| Ancient of Lore | 2 | 310 | / | 290 |
| Tree of Ages | 1 | 320 | / | 180 |
| Tree of Eternity | 1 | 330 | / | 200 |
| Town Hall | 1 | 385 | / | 205 |
| total: | 31 | 5395g | / | 2625w |
| 0:03 | Wisp |
| 0:03 | Wisp |
| 0:04 | Wisp |
| 0:14 | Ancient of War |
| 0:25 | Moon Well |
| 0:28 | Wisp |
| 0:50 | Wisp |
| 1:06 | Altar of Elders |
| 1:14 | Wisp |
| 1:17 | Archer |
| 1:30 | Moon Well |
| 1:44 | Archer |
| 1:58 | Wisp |
| 2:19 | Moon Well |
| 2:25 | Wisp |
| 2:25 | Wisp |
| 2:27 | Archer |
| 2:49 | Archer |
| 2:58 | Wisp |
| 3:09 | Hunter's Hall |
| 3:17 | Entangling Roots |
| 3:24 | Wisp |
| 3:27 | Archer |
| 3:40 | Archer |
| 4:04 | Archer |
| 4:05 | Wisp |
| 4:05 | Wisp |
| 4:05 | Wisp |
| 4:28 | Archer |
| 5:00 | Thorns Aura |
| 5:05 | Tree of Life |
| 5:29 | Ancient Protector |
| 5:33 | Ancient Protector |
| 5:37 | Ancient Protector |
| 5:50 | Ancient Protector |
| 6:00 | Ancient Protector |
| 6:08 | Wisp |
| 6:09 | Wisp |
| 6:42 | Archer |
| 6:57 | Tree of Ages |
| 7:25 | Wisp |
| 7:25 | Wisp |
| 7:43 | Ancient of Wonders |
| 7:53 | Wisp |
| 7:53 | Wisp |
| 7:53 | Wisp |
| 7:53 | Wisp |
| 7:53 | Wisp |
| 8:16 | Ancient of War |
| 8:50 | Strength of the Moon |
| 8:51 | Moon Armor |
| 9:10 | Ancient Protector |
| 9:12 | Ancient Protector |
| 9:15 | Ancient Protector |
| 9:30 | Wisp |
| 9:30 | Wisp |
| 9:30 | Wisp |
| 9:56 | Potion of Healing |
| 9:56 | Dust of Appearance |
| 10:03 | Entangling Roots |
| 10:06 | Archer |
| 10:06 | Archer |
| 10:07 | Archer |
| 11:02 | Trueshot Aura |
| 11:02 | Archer |
| 11:02 | Archer |
| 11:02 | Archer |
| 11:21 | Ancient of Wind |
| 11:33 | Ancient of Wind |
| 11:34 | Archer |
| 11:36 | Tree of Eternity |
| 11:38 | Improved Moon Armor |
| 11:52 | Potion of Healing |
| 11:52 | Potion of Healing |
| 11:53 | Dust of Appearance |
| 11:53 | Staff of Preservation |
| 12:08 | Wisp |
| 12:08 | Wisp |
| 12:08 | Wisp |
| 12:20 | Ancient of Lore |
| 12:44 | Potion of Lesser Invulnerability |
| 12:48 | Archer |
| 12:50 | Improved Bows |
| 12:52 | Wisp |
| 12:52 | Wisp |
| 12:52 | Wisp |
| 13:46 | Moon Well |
| 13:55 | Ancient of Lore |
| 14:18 | Improved Strength of the Moon |
| 14:36 | Moon Well |
| 14:40 | Moon Well |
| 14:48 | Silence |
| 15:13 | Boots of Speed |
| 15:22 | Marksmanship |
| 15:29 | Dryad |
| 15:42 | Moon Well |
| 16:37 | Dryad |
| 16:53 | Dryad |
| 17:16 | Moon Well |
| 17:38 | Dryad |
| 18:06 | Dryad |
| 18:41 | Dryad |
| 18:44 | Archer |
| 18:44 | Archer |
| 18:44 | Archer |
| 18:49 | Hippogryph |
| 18:49 | Hippogryph |
| 18:49 | Hippogryph |
| 18:50 | Hippogryph |
| 18:50 | Hippogryph |
| 19:01 | Abolish Magic |
| 20:08 | Advanced Moon Armor |
| 20:12 | Advanced Strength of the Moon |
| 22:15 | Archer |
| 22:15 | Archer |
| 22:15 | Archer |
| 22:18 | Hippogryph |
| 22:18 | Hippogryph |
| 22:22 | Well Spring |
| 23:58 | Strength of the Wild |
| 23:59 | Reinforced Hides |
| 24:06 | Nature's Blessing |
| 24:11 | Dryad |
| 28:57 | Improved Strength of the Wild |
| 28:57 | Improved Reinforced Hides |
| 29:47 | Dryad |
| 33:19 | Archer |
| 33:20 | Hippogryph |
| 33:30 | Scout |
| 34:17 | Advanced Strength of the Wild |
| 34:18 | Advanced Reinforced Hides |
| 40:34 | Ancient Protector |
| 40:41 | Ancient Protector |
| 40:52 | Tree of Life |
| 40:54 | Ancient of War |
| 41:00 | Ultravision |
| 44:48 | Town Hall |
| Right click | 1872 |
| Select group | 1458 |
| Select | 565 |
| Build/train/purchase | 139 |
| Misc. action | 97 |
| Use ability | 91 |
| Assign group | 39 |
| Esc | 2 |
| Item give/drop | 1 |
| Remove unit | 1 |
144 units @ 12.5k
/ 1.6k
273 buildings @ 21.8k
/ 11.9k



| Lesser Clarity Potion | 6 | 420 |
| Healing Salve | 3 | 300 |
| Orb of Lightning | 2 | 750 |
| Potion of Mana | 1 | 200 |
| Boots of Speed | 3 | 750 |
| Staff of Teleportation | 3 | 450 |
| Periapt of Vitality | 1 | 325 |
| Circlet of Nobility | 1 | 175 |
| Staff of Sanctuary | 3 | 750 |
| total: | 23 | 4120g |
| Peon | 18 | 1350 | / | 0 |
| Troll Batrider | 10 | 1600 | / | 400 |
| total: | 28 | 2950g | / | 400w |
| Watch Tower | 53 | 5830 | / | 4240 |
| Altar of Storms | 1 | 180 | / | 50 |
| Orc Burrow | 3 | 480 | / | 120 |
| War Mill | 1 | 205 | / | 0 |
| Voodoo Lounge | 2 | 260 | / | 60 |
| Great Hall | 1 | 385 | / | 185 |
| Beastiary | 2 | 290 | / | 280 |
| Stronghold | 1 | 315 | / | 190 |
| Fortress | 1 | 325 | / | 190 |
| total: | 63 | 7630g | / | 4935w |
| 0:02 | Peon |
| 0:02 | Peon |
| 0:06 | Altar of Storms |
| 0:09 | Orc Burrow |
| 0:34 | Peon |
| 0:46 | War Mill |
| 0:55 | Peon |
| 1:11 | Peon |
| 1:11 | Peon |
| 1:21 | Peon |
| 1:41 | Peon |
| 2:03 | Watch Tower |
| 2:14 | Peon |
| 2:14 | Peon |
| 2:16 | Orc Burrow |
| 2:19 | Peon |
| 2:26 | Wind Walk |
| 2:30 | Watch Tower |
| 2:32 | Peon |
| 2:53 | Watch Tower |
| 3:26 | Watch Tower |
| 3:41 | Stronghold |
| 4:11 | Watch Tower |
| 4:21 | Voodoo Lounge |
| 4:26 | Watch Tower |
| 4:29 | Critical Strike |
| 4:33 | Orc Burrow |
| 5:09 | Watch Tower |
| 5:14 | Watch Tower |
| 5:25 | Boots of Speed |
| 5:25 | Staff of Teleportation |
| 5:30 | Watch Tower |
| 6:06 | Peon |
| 6:22 | Watch Tower |
| 6:23 | Watch Tower |
| 6:34 | Peon |
| 7:02 | Fortress |
| 7:10 | Lesser Clarity Potion |
| 7:22 | Healing Salve |
| 7:47 | Lesser Clarity Potion |
| 8:22 | Great Hall |
| 8:26 | Hex |
| 8:48 | Healing Salve |
| 8:52 | Lesser Clarity Potion |
| 9:01 | Watch Tower |
| 9:03 | Watch Tower |
| 10:04 | Watch Tower |
| 10:06 | Watch Tower |
| 10:10 | Staff of Teleportation |
| 10:13 | Boots of Speed |
| 10:29 | War Stomp |
| 11:29 | Watch Tower |
| 11:30 | Watch Tower |
| 11:32 | Peon |
| 11:32 | Peon |
| 11:40 | Peon |
| 11:40 | Peon |
| 12:21 | Wind Walk |
| 13:00 | Healing Salve |
| 13:02 | Orb of Lightning |
| 13:04 | Voodoo Lounge |
| 13:32 | Watch Tower |
| 13:35 | Beastiary |
| 13:35 | Beastiary |
| 13:40 | Watch Tower |
| 13:40 | Watch Tower |
| 13:41 | Watch Tower |
| 13:46 | Steel Ranged Weapons |
| 13:46 | Reinforced Defenses |
| 14:41 | Troll Batrider |
| 14:41 | Troll Batrider |
| 14:45 | Orb of Lightning |
| 14:57 | Healing Wave |
| 15:01 | Watch Tower |
| 15:03 | Watch Tower |
| 15:04 | Watch Tower |
| 15:05 | Watch Tower |
| 15:26 | Staff of Sanctuary |
| 16:14 | Watch Tower |
| 16:15 | Watch Tower |
| 16:17 | Watch Tower |
| 16:17 | Watch Tower |
| 16:42 | Staff of Sanctuary |
| 16:50 | Lesser Clarity Potion |
| 17:16 | Watch Tower |
| 17:18 | Watch Tower |
| 17:20 | Watch Tower |
| 17:23 | Watch Tower |
| 18:11 | Troll Batrider |
| 18:19 | Watch Tower |
| 18:30 | Endurance Aura |
| 19:32 | Troll Batrider |
| 19:32 | Troll Batrider |
| 19:49 | Lesser Clarity Potion |
| 19:51 | Staff of Sanctuary |
| 20:03 | Watch Tower |
| 20:06 | Watch Tower |
| 20:08 | Watch Tower |
| 20:11 | Watch Tower |
| 20:24 | Boots of Speed |
| 21:58 | Troll Batrider |
| 22:14 | Troll Batrider |
| 23:18 | Critical Strike |
| 24:16 | Watch Tower |
| 24:17 | Watch Tower |
| 24:20 | Watch Tower |
| 24:20 | Watch Tower |
| 24:22 | Watch Tower |
| 24:26 | Watch Tower |
| 24:47 | Staff of Teleportation |
| 24:49 | Periapt of Vitality |
| 24:55 | Circlet of Nobility |
| 25:05 | Troll Batrider |
| 26:07 | Hex |
| 26:14 | Watch Tower |
| 26:17 | Watch Tower |
| 26:28 | Watch Tower |
| 26:29 | Watch Tower |
| 26:42 | Watch Tower |
| 27:05 | Liquid Fire |
| 27:07 | Thorium Ranged Weapons |
| 27:07 | Steel Armor |
| 28:33 | War Stomp |
| 29:14 | Lesser Clarity Potion |
| 29:17 | Potion of Mana |
| 29:31 | Watch Tower |
| 29:32 | Watch Tower |
| 29:40 | Watch Tower |
| 29:43 | Watch Tower |
| 32:58 | Critical Strike |
| 33:57 | Troll Batrider |
| 33:57 | Troll Batrider |
| 34:14 | Healing Wave |
| 43:36 | Endurance Aura |
| Right click | 2776 |
| Chat | 2240 |
| Select | 834 |
| Select group | 620 |
| Build/train/purchase | 265 |
| Use ability | 111 |
| Misc. action | 76 |
| Assign group | 58 |
| Item give/drop | 19 |
| Minimap ping | 12 |
| Esc | 1 |



x1)
| Scroll of Regeneration | 4 | 400 |
| Staff of Sanctuary | 3 | 750 |
| Orb of Fire | 2 | 650 |
| Ivory Tower | 1 | 40 |
| Boots of Speed | 3 | 750 |
| Staff of Teleportation | 3 | 450 |
| Tome of Retraining | 1 | 300 |
| Circlet of Nobility | 3 | 525 |
| Orb of Lightning | 2 | 750 |
| total: | 22 | 4615g |
| Peasant | 23 | 1725 | / | 0 |
| Priest | 2 | 270 | / | 20 |
| total: | 25 | 1995g | / | 20w |
| Scout Tower | 108 | 3240 | / | 2160 |
| Arcane Tower | 14 | 980 | / | 700 |
| Guard Tower | 48 | 3360 | / | 2400 |
| Altar of Kings | 1 | 180 | / | 50 |
| Farm | 4 | 320 | / | 80 |
| Lumber Mill | 1 | 120 | / | 0 |
| Town Hall | 1 | 385 | / | 205 |
| Arcane Vault | 3 | 390 | / | 90 |
| Arcane Sanctum | 1 | 150 | / | 140 |
| Keep | 1 | 320 | / | 210 |
| Castle | 1 | 360 | / | 210 |
| total: | 119 | 4785g | / | 2725w |
| 0:02 | Peasant |
| 0:06 | Altar of Kings |
| 0:14 | Peasant |
| 0:18 | Farm |
| 0:20 | Peasant |
| 0:34 | Lumber Mill |
| 0:34 | Peasant |
| 0:48 | Peasant |
| 0:52 | Farm |
| 1:02 | Scout Tower |
| 1:10 | Scout Tower |
| 1:23 | Peasant |
| 1:24 | Peasant |
| 1:31 | Scout Tower |
| 1:44 | Scout Tower |
| 1:51 | Scout Tower |
| 1:55 | Scout Tower |
| 1:56 | Peasant |
| 1:57 | Peasant |
| 1:57 | Peasant |
| 2:12 | Arcane Tower |
| 2:13 | Scout Tower |
| 2:15 | Peasant |
| 2:22 | Arcane Tower |
| 2:23 | Improved Masonry |
| 2:24 | Arcane Tower |
| 2:26 | Scout Tower |
| 2:32 | Peasant |
| 2:39 | Guard Tower |
| 2:41 | Scout Tower |
| 2:50 | Summon Water Elemental |
| 2:59 | Guard Tower |
| 3:05 | Peasant |
| 3:10 | Peasant |
| 3:15 | Scout Tower |
| 3:19 | Scout Tower |
| 3:20 | Guard Tower |
| 3:47 | Brilliance Aura |
| 3:59 | Guard Tower |
| 4:01 | Scout Tower |
| 4:06 | Keep |
| 4:10 | Town Hall |
| 4:17 | Scout Tower |
| 4:18 | Guard Tower |
| 4:26 | Boots of Speed |
| 4:26 | Staff of Teleportation |
| 4:34 | Farm |
| 5:12 | Guard Tower |
| 5:13 | Scout Tower |
| 5:16 | Scout Tower |
| 5:16 | Scout Tower |
| 5:17 | Guard Tower |
| 5:19 | Scout Tower |
| 5:20 | Scout Tower |
| 5:35 | Peasant |
| 5:35 | Peasant |
| 6:04 | Scout Tower |
| 6:05 | Scout Tower |
| 6:05 | Scout Tower |
| 6:06 | Guard Tower |
| 6:22 | Arcane Vault |
| 6:36 | Scout Tower |
| 6:37 | Scout Tower |
| 6:38 | Guard Tower |
| 6:39 | Peasant |
| 6:39 | Peasant |
| 6:39 | Peasant |
| 6:51 | Castle |
| 6:52 | Advanced Masonry |
| 6:52 | Improved Lumber Harvesting |
| 6:54 | Arcane Sanctum |
| 7:00 | Guard Tower |
| 7:02 | Scout Tower |
| 7:02 | Scout Tower |
| 7:03 | Scout Tower |
| 7:03 | Scout Tower |
| 7:11 | Guard Tower |
| 7:12 | Peasant |
| 7:25 | Scout Tower |
| 7:27 | Scout Tower |
| 7:28 | Scout Tower |
| 7:33 | Scout Tower |
| 7:33 | Scout Tower |
| 7:35 | Scout Tower |
| 7:35 | Scout Tower |
| 7:42 | Storm Bolt |
| 7:59 | Boots of Speed |
| 7:59 | Staff of Teleportation |
| 8:06 | Guard Tower |
| 8:11 | Scroll of Regeneration |
| 8:28 | Guard Tower |
| 8:30 | Scout Tower |
| 8:31 | Scout Tower |
| 8:34 | Scout Tower |
| 8:35 | Guard Tower |
| 8:36 | Arcane Tower |
| 8:37 | Guard Tower |
| 8:44 | Magic Sentry |
| 8:45 | Priest Adept Training |
| 8:45 | Priest |
| 8:48 | Arcane Vault |
| 8:57 | Guard Tower |
| 8:59 | Scout Tower |
| 8:59 | Scout Tower |
| 9:01 | Scout Tower |
| 9:01 | Scout Tower |
| 9:02 | Scout Tower |
| 9:03 | Scout Tower |
| 9:03 | Scout Tower |
| 9:23 | Scout Tower |
| 9:23 | Farm |
| 9:25 | Imbued Masonry |
| 9:25 | Advanced Lumber Harvesting |
| 9:45 | Summon Water Elemental |
| 10:17 | Holy Light |
| 10:49 | Guard Tower |
| 10:50 | Scout Tower |
| 10:50 | Scout Tower |
| 10:51 | Guard Tower |
| 11:14 | Scout Tower |
| 11:18 | Arcane Tower |
| 11:22 | Scout Tower |
| 11:23 | Scout Tower |
| 11:26 | Scroll of Regeneration |
| 11:29 | Staff of Sanctuary |
| 11:30 | Orb of Fire |
| 11:33 | Staff of Sanctuary |
| 11:35 | Scroll of Regeneration |
| 11:47 | Guard Tower |
| 12:02 | Guard Tower |
| 12:05 | Scout Tower |
| 12:08 | Scout Tower |
| 12:09 | Scout Tower |
| 12:17 | Bash |
| 13:15 | Guard Tower |
| 13:16 | Scout Tower |
| 13:17 | Scout Tower |
| 13:18 | Scout Tower |
| 13:19 | Scout Tower |
| 13:21 | Guard Tower |
| 13:23 | Guard Tower |
| 13:25 | Scout Tower |
| 13:26 | Scout Tower |
| 13:27 | Scout Tower |
| 13:29 | Scout Tower |
| 13:30 | Scout Tower |
| 13:34 | Scout Tower |
| 13:34 | Scout Tower |
| 13:45 | Priest Master Training |
| 13:45 | Priest |
| 13:52 | Guard Tower |
| 13:56 | Boots of Speed |
| 14:08 | Guard Tower |
| 14:10 | Arcane Tower |
| 14:20 | Guard Tower |
| 14:22 | Staff of Sanctuary |
| 14:22 | Orb of Fire |
| 14:29 | Tome of Retraining |
| 14:29 | Retrain Hero |
| 14:31 | Blizzard |
| 14:31 | Brilliance Aura |
| 14:39 | Circlet of Nobility |
| 14:43 | Guard Tower |
| 14:45 | Scout Tower |
| 14:46 | Scout Tower |
| 14:48 | Arcane Vault |
| 14:50 | Scout Tower |
| 14:51 | Scout Tower |
| 14:52 | Guard Tower |
| 14:54 | Scout Tower |
| 14:54 | Scout Tower |
| 14:57 | Scout Tower |
| 14:58 | Scout Tower |
| 15:05 | Guard Tower |
| 15:08 | Scout Tower |
| 15:09 | Scout Tower |
| 15:09 | Scout Tower |
| 15:27 | Arcane Tower |
| 15:52 | Orb of Lightning |
| 16:02 | Guard Tower |
| 16:09 | Guard Tower |
| 16:10 | Scout Tower |
| 16:11 | Scout Tower |
| 16:31 | Scout Tower |
| 16:32 | Guard Tower |
| 16:57 | Guard Tower |
| 17:00 | Guard Tower |
| 17:01 | Peasant |
| 17:09 | Guard Tower |
| 17:21 | Scout Tower |
| 17:22 | Scout Tower |
| 17:23 | Guard Tower |
| 17:27 | Scout Tower |
| 17:29 | Scout Tower |
| 18:37 | Guard Tower |
| 18:39 | Scout Tower |
| 18:39 | Scout Tower |
| 18:42 | Arcane Tower |
| 18:45 | Arcane Tower |
| 18:46 | Arcane Tower |
| 19:22 | Staff of Teleportation |
| 19:38 | Guard Tower |
| 19:45 | Scout Tower |
| 19:48 | Scout Tower |
| 19:48 | Scout Tower |
| 21:38 | Divine Shield |
| 22:15 | Peasant |
| 22:15 | Peasant |
| 22:23 | Scroll of Regeneration |
| 23:23 | Scout Tower |
| 23:23 | Scout Tower |
| 23:24 | Scout Tower |
| 23:47 | Guard Tower |
| 23:54 | Guard Tower |
| 24:14 | Orb of Lightning |
| 24:26 | Guard Tower |
| 24:44 | Arcane Tower |
| 26:06 | Scout Tower |
| 26:07 | Scout Tower |
| 26:10 | Scout Tower |
| 26:11 | Scout Tower |
| 26:12 | Scout Tower |
| 26:13 | Scout Tower |
| 26:14 | Scout Tower |
| 26:14 | Scout Tower |
| 26:34 | Circlet of Nobility |
| 26:56 | Arcane Tower |
| 26:57 | Guard Tower |
| 27:00 | Guard Tower |
| 27:17 | Guard Tower |
| 27:22 | Scout Tower |
| 27:23 | Scout Tower |
| 27:23 | Scout Tower |
| 27:24 | Scout Tower |
| 27:25 | Scout Tower |
| 27:25 | Scout Tower |
| 27:26 | Scout Tower |
| 28:39 | Circlet of Nobility |
| 29:37 | Guard Tower |
| 29:39 | Scout Tower |
| 29:40 | Scout Tower |
| 29:40 | Scout Tower |
| 31:52 | Brilliance Aura |
| 32:22 | Holy Light |
| 32:33 | Storm Bolt |
| 33:38 | Arcane Tower |
| 33:38 | Arcane Tower |
| 33:39 | Guard Tower |
| 35:30 | Guard Tower |
| 38:31 | Divine Shield |
| 41:03 | Ivory Tower |
| 42:23 | Guard Tower |
| 42:46 | Blizzard |
| 42:49 | Bash |
| Right click | 2571 |
| Select group | 1825 |
| Chat | 742 |
| Select | 571 |
| Assign group | 330 |
| Build/train/purchase | 225 |
| Use ability | 207 |
| Misc. action | 58 |
| Item give/drop | 11 |
| Minimap ping | 2 |



x1)
| Scroll of Regeneration | 3 | 300 |
| Staff of Sanctuary | 3 | 750 |
| Orb of Fire | 2 | 650 |
| Boots of Speed | 3 | 750 |
| Staff of Teleportation | 3 | 450 |
| Periapt of Vitality | 2 | 650 |
| Tome of Retraining | 1 | 300 |
| total: | 17 | 3850g |
| Peasant | 22 | 1650 | / | 0 |
| Priest | 2 | 270 | / | 20 |
| Flying Machine | 40 | 4000 | / | 1200 |
| total: | 64 | 5920g | / | 1220w |
| Scout Tower | 37 | 1110 | / | 740 |
| Guard Tower | 16 | 1120 | / | 800 |
| Altar of Kings | 1 | 180 | / | 50 |
| Lumber Mill | 1 | 120 | / | 0 |
| Farm | 13 | 1040 | / | 260 |
| Town Hall | 1 | 385 | / | 205 |
| Arcane Vault | 2 | 260 | / | 60 |
| Blacksmith | 2 | 280 | / | 120 |
| Arcane Sanctum | 1 | 150 | / | 140 |
| Workshop | 3 | 420 | / | 420 |
| Keep | 1 | 320 | / | 210 |
| Castle | 1 | 360 | / | 210 |
| total: | 61 | 3945g | / | 1995w |
| 0:01 | Peasant |
| 0:07 | Altar of Kings |
| 0:11 | Peasant |
| 0:25 | Lumber Mill |
| 0:27 | Peasant |
| 0:34 | Peasant |
| 0:35 | Farm |
| 0:52 | Peasant |
| 1:03 | Peasant |
| 1:07 | Farm |
| 1:30 | Scout Tower |
| 1:31 | Scout Tower |
| 1:32 | Peasant |
| 1:43 | Peasant |
| 1:56 | Guard Tower |
| 1:59 | Scout Tower |
| 2:00 | Scout Tower |
| 2:06 | Scout Tower |
| 2:17 | Peasant |
| 2:20 | Scout Tower |
| 2:47 | Cluster Rockets |
| 2:58 | Scout Tower |
| 3:41 | Scout Tower |
| 3:42 | Scout Tower |
| 3:44 | Scout Tower |
| 3:57 | Peasant |
| 3:57 | Peasant |
| 3:59 | Guard Tower |
| 4:02 | Town Hall |
| 4:04 | Scout Tower |
| 4:05 | Scout Tower |
| 4:07 | Engineering Upgrade |
| 4:17 | Peasant |
| 4:28 | Guard Tower |
| 4:39 | Peasant |
| 4:53 | Guard Tower |
| 5:04 | Arcane Vault |
| 5:07 | Peasant |
| 5:07 | Peasant |
| 5:10 | Farm |
| 5:21 | Peasant |
| 5:41 | Guard Tower |
| 5:44 | Scout Tower |
| 5:45 | Scout Tower |
| 6:01 | Scout Tower |
| 6:03 | Scout Tower |
| 6:04 | Peasant |
| 6:04 | Peasant |
| 6:07 | Keep |
| 6:09 | Boots of Speed |
| 6:30 | Peasant |
| 6:32 | Guard Tower |
| 6:34 | Scout Tower |
| 6:34 | Scout Tower |
| 6:35 | Scout Tower |
| 6:57 | Guard Tower |
| 6:58 | Scout Tower |
| 6:59 | Scout Tower |
| 7:00 | Scout Tower |
| 7:01 | Peasant |
| 7:57 | Pocket Factory |
| 8:05 | Guard Tower |
| 8:12 | Improved Masonry |
| 8:35 | Guard Tower |
| 8:37 | Scout Tower |
| 8:38 | Scout Tower |
| 8:38 | Scout Tower |
| 8:39 | Scout Tower |
| 8:44 | Scroll of Regeneration |
| 9:05 | Guard Tower |
| 9:15 | Advanced Masonry |
| 9:17 | Castle |
| 9:20 | Peasant |
| 9:21 | Peasant |
| 9:42 | Guard Tower |
| 9:44 | Scout Tower |
| 9:45 | Scout Tower |
| 9:45 | Scout Tower |
| 10:02 | Blizzard |
| 10:14 | Staff of Teleportation |
| 10:47 | Guard Tower |
| 10:52 | Scroll of Regeneration |
| 10:54 | Guard Tower |
| 10:57 | Arcane Vault |
| 11:43 | Brilliance Aura |
| 11:47 | Arcane Sanctum |
| 11:53 | Guard Tower |
| 12:00 | Staff of Sanctuary |
| 12:01 | Scroll of Regeneration |
| 12:07 | Scout Tower |
| 12:07 | Scout Tower |
| 12:16 | Imbued Masonry |
| 12:16 | Improved Lumber Harvesting |
| 12:23 | Staff of Teleportation |
| 13:00 | Holy Light |
| 13:15 | Boots of Speed |
| 13:17 | Periapt of Vitality |
| 13:21 | Guard Tower |
| 13:23 | Magic Sentry |
| 13:32 | Tome of Retraining |
| 13:32 | Retrain Hero |
| 13:35 | Cluster Rockets |
| 13:35 | Cluster Rockets |
| 13:36 | Engineering Upgrade |
| 13:44 | Boots of Speed |
| 13:45 | Periapt of Vitality |
| 14:01 | Staff of Teleportation |
| 14:12 | Farm |
| 14:18 | Staff of Sanctuary |
| 14:22 | Staff of Sanctuary |
| 14:22 | Orb of Fire |
| 16:54 | Advanced Lumber Harvesting |
| 22:15 | Divine Shield |
| 22:19 | Engineering Upgrade |
| 24:05 | Scout Tower |
| 24:06 | Scout Tower |
| 24:06 | Scout Tower |
| 24:07 | Scout Tower |
| 24:07 | Scout Tower |
| 24:08 | Scout Tower |
| 24:30 | Orb of Fire |
| 26:22 | Priest |
| 26:23 | Priest Adept Training |
| 28:50 | Priest Master Training |
| 29:06 | Guard Tower |
| 30:12 | Priest |
| 32:08 | Blizzard |
| 32:52 | Holy Light |
| 35:30 | Blacksmith |
| 36:57 | Workshop |
| 36:58 | Workshop |
| 36:59 | Workshop |
| 37:02 | Black Gunpowder |
| 37:03 | Iron Plating |
| 37:08 | Blacksmith |
| 37:12 | Farm |
| 37:13 | Farm |
| 37:13 | Farm |
| 37:58 | Cluster Rockets |
| 38:04 | Farm |
| 38:04 | Farm |
| 38:05 | Farm |
| 38:17 | Flak Cannons |
| 38:18 | Flying Machine Bombs |
| 38:18 | Flying Machine |
| 38:18 | Flying Machine |
| 38:18 | Flying Machine |
| 38:32 | Brilliance Aura |
| 38:36 | Flying Machine |
| 38:37 | Flying Machine |
| 38:41 | Refined Gunpowder |
| 38:46 | Flying Machine |
| 38:46 | Flying Machine |
| 38:47 | Flying Machine |
| 38:59 | Flying Machine |
| 38:59 | Flying Machine |
| 39:01 | Farm |
| 39:03 | Farm |
| 39:03 | Farm |
| 39:09 | Flying Machine |
| 39:28 | Flying Machine |
| 39:29 | Flying Machine |
| 39:47 | Flying Machine |
| 39:47 | Flying Machine |
| 40:11 | Flying Machine |
| 40:11 | Flying Machine |
| 40:15 | Imbued Gunpowder |
| 40:15 | Steel Plating |
| 40:55 | Flying Machine |
| 40:55 | Flying Machine |
| 40:55 | Flying Machine |
| 40:55 | Flying Machine |
| 41:05 | Flying Machine |
| 41:20 | Flying Machine |
| 41:32 | Flying Machine |
| 41:48 | Flying Machine |
| 41:48 | Flying Machine |
| 41:56 | Flying Machine |
| 42:28 | Flying Machine |
| 42:28 | Flying Machine |
| 42:29 | Flying Machine |
| 43:11 | Flying Machine |
| 43:11 | Flying Machine |
| 43:11 | Flying Machine |
| 43:31 | Flying Machine |
| 43:31 | Flying Machine |
| 43:53 | Divine Shield |
| 44:39 | Flying Machine |
| 44:40 | Flying Machine |
| 44:40 | Flying Machine |
| 44:40 | Flying Machine |
| 44:40 | Flying Machine |
| Right click | 2588 |
| Select | 2006 |
| Select group | 983 |
| Assign group | 368 |
| Chat | 267 |
| Build/train/purchase | 213 |
| Use ability | 173 |
| Misc. action | 53 |
| Item give/drop | 11 |
| Minimap ping | 8 |
| Esc | 1 |



| Orb of Venom | 2 | 650 |
| Boots of Speed | 3 | 750 |
| Staff of Teleportation | 3 | 450 |
| Staff of Sanctuary | 3 | 750 |
| Orb of Fire | 1 | 325 |
| total: | 12 | 2925g |
| Wisp | 27 | 1620 | / | 0 |
| total: | 27 | 1620g | / | 0w |
| Altar of Elders | 2 | 360 | / | 100 |
| Moon Well | 19 | 3420 | / | 760 |
| Ancient of Wonders | 1 | 90 | / | 30 |
| Tree of Life | 2 | 680 | / | 370 |
| Hunter's Hall | 1 | 210 | / | 100 |
| Ancient of Wind | 1 | 150 | / | 140 |
| Chimaera Roost | 4 | 560 | / | 760 |
| Tree of Ages | 1 | 320 | / | 180 |
| Tree of Eternity | 1 | 330 | / | 200 |
| total: | 30 | 5470g | / | 2260w |
| 0:03 | Wisp |
| 0:05 | Altar of Elders |
| 0:14 | Wisp |
| 0:19 | Moon Well |
| 0:30 | Wisp |
| 0:40 | Wisp |
| 0:45 | Moon Well |
| 0:56 | Wisp |
| 1:01 | Wisp |
| 1:12 | Wisp |
| 1:21 | Wisp |
| 1:29 | Wisp |
| 1:43 | Wisp |
| 1:57 | Wisp |
| 2:07 | Shadow Strike |
| 2:13 | Wisp |
| 2:14 | Wisp |
| 2:32 | Wisp |
| 2:41 | Wisp |
| 2:53 | Ancient of Wonders |
| 2:56 | Wisp |
| 4:15 | Blink |
| 4:20 | Wisp |
| 4:20 | Wisp |
| 4:20 | Wisp |
| 4:20 | Wisp |
| 5:03 | Tree of Life |
| 5:05 | Tree of Life |
| 5:22 | Tree of Ages |
| 5:39 | Boots of Speed |
| 6:37 | Hunter's Hall |
| 7:15 | Moon Well |
| 7:17 | Wisp |
| 7:17 | Wisp |
| 7:17 | Wisp |
| 7:17 | Wisp |
| 7:18 | Wisp |
| 8:20 | Ultravision |
| 8:47 | Wisp |
| 8:47 | Wisp |
| 8:53 | Entangling Roots |
| 9:02 | Nature's Blessing |
| 9:17 | Shadow Strike |
| 9:30 | Boots of Speed |
| 10:16 | Tree of Eternity |
| 11:03 | Moon Well |
| 11:04 | Moon Well |
| 13:12 | Pocket Factory |
| 13:40 | Well Spring |
| 13:46 | Orb of Venom |
| 13:52 | Moon Well |
| 13:54 | Moon Well |
| 15:50 | Boots of Speed |
| 16:06 | Staff of Teleportation |
| 16:37 | Thorns Aura |
| 16:58 | Orb of Venom |
| 17:11 | Staff of Sanctuary |
| 19:02 | Staff of Sanctuary |
| 19:09 | Orb of Fire |
| 20:58 | Blink |
| 22:31 | Engineering Upgrade |
| 23:54 | Moon Well |
| 23:56 | Moon Well |
| 23:56 | Moon Well |
| 23:57 | Moon Well |
| 24:09 | Moon Well |
| 24:10 | Moon Well |
| 24:12 | Moon Well |
| 24:13 | Moon Well |
| 24:17 | Moon Well |
| 24:18 | Moon Well |
| 24:19 | Moon Well |
| 24:19 | Moon Well |
| 24:40 | Staff of Sanctuary |
| 24:49 | Staff of Teleportation |
| 26:20 | Altar of Elders |
| 27:24 | Ancient of Wind |
| 27:26 | Strength of the Wild |
| 27:26 | Reinforced Hides |
| 27:33 | Staff of Teleportation |
| 28:36 | Chimaera Roost |
| 28:37 | Chimaera Roost |
| 28:38 | Chimaera Roost |
| 28:38 | Chimaera Roost |
| 28:44 | Improved Strength of the Wild |
| 29:31 | Improved Reinforced Hides |
| 30:00 | Corrosive Breath |
| 31:05 | Advanced Strength of the Wild |
| 31:40 | Entangling Roots |
| 33:10 | Advanced Reinforced Hides |
| 35:03 | Pocket Factory |
| 37:33 | Shadow Strike |
| 44:48 | Engineering Upgrade |
| Right click | 3336 |
| Select | 945 |
| Select group | 924 |
| Misc. action | 440 |
| Chat | 201 |
| Use ability | 147 |
| Resource trade | 93 |
| Build/train/purchase | 73 |
| Item give/drop | 7 |
| Assign group | 3 |
| Esc | 2 |
| Minimap ping | 2 |
⇛